 Dungeon Crawl Stone Soup version 0.28-a0-1142-gc8569940dd (webtiles) character file.

Game seed: 9588676085464151775

808 LadyOphelia the Chopper (level 7, -5/66 HPs)
             Began as a Deep Dwarf Berserker on Dec 13, 2021.
             Was a Priest of Trog.
             Slain by a wyvern skeleton (12 damage)
             ... on level 6 of the Dungeon.
             The game lasted 00:13:57 (3837 turns).

LadyOphelia the Chopper (Deep Dwarf Berserker)      Turns: 3837, Time: 00:13:57

Health: -5/66      AC:  2    Str: 22    XL:     7   Next: 60%
Magic:  1/1        EV: 13    Int:  8    God:    Trog [***...]
Gold:   311        SH:  5    Dex: 12    Spells: 6/6 levels left

rFire   . . .      SeeInvis .   m - +0 hand axe (venom)
rCold   . . .      Faith    .   (no shield)
rNeg    . . .      Spirit   .   b - +0 animal skin
rPois   .          Reflect  +   (no helmet)
rElec   .          Harm     .   (no cloak)
rCorr   .          Rampage  .   (no gloves)
Will    +....                   (no boots)
Stlth   ++........              c - amulet of reflection
HPRegen 0.00/turn               (no ring)
MPRegen 0.07/turn               (no ring)

@: no status effects
A: damage resistance, heal wounds, sense surroundings 1, no regeneration
a: Heal Wounds, Renounce Religion, Berserk, Trog's Hand


You were on level 6 of the Dungeon.
You worshipped Trog.
Trog was most pleased with you.
You visited 1 branch of the dungeon, and saw 6 of its levels.

You collected 311 gold pieces.

Inventory:

Hand Weapons
 a - a +0 hand axe
 m - a +0 hand axe of venom (weapon)
 n - a +2 dagger of flaming
Armour
 b - a +0 animal skin (worn)
Jewellery
 c - an amulet of reflection (around neck)
Wands
 q - a wand of mindburst (11)
 s - a wand of paralysis (8)
Scrolls
 e - a scroll of amnesia {unknown}
 k - 2 scrolls of immolation {unknown}
 l - a scroll of magic mapping
 o - 4 scrolls of noise {unknown}
 r - a scroll of enchant weapon {unknown}
 u - a scroll of fear {unknown}
Potions
 d - a potion of lignification {unknown}
 f - a potion of haste
 g - 4 potions of attraction
 h - 2 potions of curing
 i - a potion of berserk rage {unknown}
 j - a potion of flight {unknown}
 p - a potion of brilliance {unknown}
 t - a potion of invisibility {unknown}


   Skills:
 + Level 4.3 Fighting
 + Level 6.9 Axes
 + Level 2.5 Armour
 + Level 4.6 Dodging
 + Level 2.6 Stealth
 + Level 2.5 Shields


You had 6 spell levels left.
You didn't know any spells.
Your spell library contained the following spells:

 Spells                   Type           Power      Damage    Failure   Level
 Magic Dart               Conj           0%         1d3       41%         1
 Call Imp                 Summ           0%         N/A       54%         2
 Mephitic Cloud           Conj/Pois/Air  0%         N/A       78%         3


Dungeon Overview and Level Annotations

Branches:
Dungeon (6/15)             Temple (0/1) D:6

Altars:
Elyvilon
Gozag
Okawaru

Shops:
D:5 (


Innate Abilities, Weirdness & Mutations

You are resistant to damage.
You can heal yourself by infusing magical energy.
You passively map a small area around you.
You do not regenerate.


Message History

There is an open door here.
Found a chain mail.
g - 4 potions of attraction (gained 1)
There is an open door here.
As you open the door, it creaks loudly!
There is an open door here.
u - a scroll labelled NUACEK RAECZAARIL You open the door.
Found a ring mail and a book of Geomancy.
There is an open door here.
You open the door.
A jelly comes into view.
There is an open door here.
A jelly is nearby!
The helpless jelly fails to defend itself.
You slash the jelly!
Your hands burn!
The jelly is severely wounded.
The jelly hits you.
You are splashed with acid!
You hit the jelly.
You kill the jelly!
Trog accepts your kill.
You now have 311 gold pieces (gained 12).
You open the door.
A wyvern skeleton comes into view.
There is an open door here.
You slash the wyvern skeleton!
The wyvern skeleton is moderately damaged.
The wyvern skeleton bites you!
You hit the wyvern skeleton.
The wyvern skeleton is moderately damaged.
The wyvern skeleton bites you. The wyvern skeleton bites you!
* * * LOW HITPOINT WARNING * * *
You hit the wyvern skeleton.
The wyvern skeleton is heavily damaged.
The wyvern skeleton bites you!
* * * LOW HITPOINT WARNING * * *
You barely miss the wyvern skeleton.
The wyvern skeleton is heavily damaged.
The wyvern skeleton bites you!
You die...

,, , * * #.....#...#.. ,
#.....#...#.. ,,,
#.....#...#.. , ,
#.....#...#..
*#####.....#...#..
#######........##...### ,
+.....#........#......#
,*#....#........#......#
* #...Z@........#......#
,
.......#........#......#
,
.......#........#......'
,
.......#........#......#
*
#########........#...####
#................##'#####
#................#.......
,
#................#.......
*
#................#.......


You could see a wyvern skeleton.

Vanquished Creatures
  A black bear (D:5)
  A necrophage (D:4)
  A phantom (D:6)
  A scorpion (D:6)
  A howler monkey (D:5)
  2 hounds
  2 jellies (D:6)
  An orc priest (D:4)
  4 iguanas
  2 orc wizards (D:4)
  A hound skeleton (D:4)
  2 adders
  4 gnolls (D:2)
  An adder skeleton (D:4)
  A worm (D:2)
  12 orcs
  7 ball pythons
  5 giant cockroaches
  5 goblins
  6 hobgoblins
  3 jackals (D:4)
  7 kobolds
  4 quokkas (D:2)
  A ball python skeleton (D:3)
  5 bats
  4 frilled lizards
  A rat (D:3)
85 creatures vanquished.

Notes
Turn   | Place    | Note
-------+----------+-------------------------------------------
     0 | D:1      | LadyOphelia the Deep Dwarf Berserker began the quest for
                  | the Orb.
     0 | D:1      | Reached XP level 1. HP: 20/20 MP: 1/1
   363 | D:1      | Reached XP level 2. HP: 12/27 MP: 2/2
   832 | D:2      | Reached XP level 3. HP: 26/34 MP: 2/2
  1069 | D:2      | Reached ** piety under Trog
  1179 | D:2      | Reached skill level 4 in Axes
  1198 | D:2      | Reached XP level 4. HP: 27/42 MP: 3/3
  1506 | D:3      | Found a faded altar of an unknown god.
  1610 | D:3      | Found an iron altar of Okawaru.
  1628 | D:3      | Reached skill level 1 in Stealth
  1883 | D:3      | Found an opulent altar of Gozag.
  2264 | D:4      | Reached skill level 1 in Shields
  2468 | D:4      | Noticed a necrophage
  2498 | D:4      | Reached XP level 5. HP: 30/42 MP: 3/3
  2499 | D:4      | Killed a necrophage
  2500 | D:4      | Reached skill level 5 in Axes
  2686 | D:4      | Reached XP level 6. HP: 35/56 MP: 3/3
  3021 | D:5      | Entered Level 5 of the Dungeon
  3030 | D:5      | Identified the +4 ring mail of Prudence {rC+ Str+4 SInv}
  3199 | D:5      | Reached skill level 6 in Axes
  3271 | D:5      | Found Riblant's Antique Weapon Shoppe.
  3373 | D:5      | Reached *** piety under Trog
  3374 | D:5      | Reached XP level 7. HP: 48/64 MP: 3/3
  3472 | D:5      | Found a white marble altar of Elyvilon.
  3611 | D:6      | Found a staircase to the Ecumenical Temple.
  3837 | D:6      | Slain by a wyvern skeleton

Illustrated notes

Levels and vault maps discovered:
D:1:      lemuel_arrival_broad_hall, layout_basic
D:2:      layout_basic
D:3:      layout_basic, mainiacjoe_overflow_catwalk,
          mainiacjoe_overflow_concentric_impassable,
          hellmonk_ecumenical_altar_run_dry, kennysheep_generic_room_4
D:4:      layout_basic
D:5:      layout_rooms, lemuel_round_altar, serial_shops, nicolae_diamond_shop,
          minivault_14, kennysheep_decorative_pillar
D:6:      layout_gridville, minmay_temple_entry_slanted,
          nicolae_shop_overcharged_wands

Skill      XL: |  1  2  3  4  5  6 |
---------------+-------------------+-----
Fighting       | 3 4 |  4.3
Axes           | 4 5 6 |  6.9
Stealth        | 1 2 |  2.6
Shields        | 1 2 |  2.5
Dodging        | 3 4 |  4.6
Armour         | |  2.5

Action                   |  1- 3 |  4- 6 |  7- 9 || total
-------------------------+-------+-------+-------++-------
Melee: Hand axe          |   113 |   170 |    50 ||   333
Invok: Berserk           |       |     2 |       ||     2
 Abil: Heal Wounds       |     3 |     7 |     3 ||    13
  Use: Scroll            |     3 |     2 |       ||     5
 Stab: Sleeping          |     1 |     1 |     1 ||     3
Armor: Animal skin       |    19 |    26 |     2 ||    47
Dodge: Dodged            |    65 |   119 |    14 ||   198
Block: Other             |    25 |    57 |    12 ||    94
       Reflection        |     1 |       |       ||     1

Table legend: (Time is in decaauts)
 A = Elapsed time spent in this place.
 B = Non-inter-level travel time spent in this place.
 C = Inter-level travel time spent in this place.
 D = Time resting spent in this place.
 E = Time spent auto-exploring this place.
 F = Levels seen in this place.
 G = Mean time per level.
                   A        B        C        D        E       F      G
               +--------+--------+--------+--------+--------+-----+--------+
         Total |   3880 |   3804 |     76 |    167 |   2505 |   6 |  646.7 |
       Dungeon |   3880 |   3804 |     76 |    167 |   2505 |   6 |  646.7 |
               +--------+--------+--------+--------+--------+-----+--------+

Top non-repeatable levels by time:
     D:2: 971 daAuts
     D:4: 851 daAuts
     D:3: 738 daAuts
     D:5: 532 daAuts
     D:1: 505 daAuts
     D:6: 281 daAuts
